 Dungeon Crawl Stone Soup version 0.25-a0-290-g4a1327ee3a (webtiles) character file.

Game seed: 6167253306803861092, levelgen mode: deterministic

16 floatRand the Chopper (level 2, -2/27 HPs)
             Began as a Deep Dwarf Monk on Dec 14, 2019.
             Slain by a kobold
             ... wielding a +2 whip of electrocution
              (4 damage)
             ... on level 1 of the Dungeon.
             The game lasted 00:00:40 (390 turns).

floatRand the Chopper (Deep Dwarf Monk)              Turns: 390, Time: 00:00:40

Health: -2/27      AC:  2    Str: 14    XL:     2   Next: 41%
Magic:  2/2        EV: 14    Int: 10    God:
Gold:   48         SH:  0    Dex: 15    Spells: 1/1 levels left

rFire    . . .     SeeInvis .   a - +0 hand axe
rCold    . . .     Gourm    .   (no shield)
rNeg     . . .     Faith    .   b - +0 robe
rPois    .         Spirit   .   (no helmet)
rElec    .         Reflect  .   (no cloak)
rCorr    .         Harm     .   (no gloves)
MR       .....                  (no boots)
Stlth    ++........             (no amulet)
HPRegen  0.00/turn              (no ring)
MPRegen  0.08/turn              (no ring)

@: non-regenerating
A: damage resistance, heal wounds, sense surroundings 1, no regeneration
a: Heal Wounds


You were on level 1 of the Dungeon.
You were not hungry.

You visited 1 branch of the dungeon, and saw 1 of its levels.

You collected 48 gold pieces.

Inventory:

Hand Weapons
 a - a +0 hand axe (weapon)
Armour
 b - a +0 robe (worn)
Scrolls
 d - a scroll of identify {unknown}
 f - 3 scrolls of teleportation {unknown}
 g - a scroll of magic mapping {unknown}
Potions
 e - a potion of magic {unknown}
Comestibles
 c - 2 rations


   Skills:
 + Level 2.9 Fighting
 + Level 3.5 Axes
 + Level 3.5 Dodging
 + Level 2.8 Stealth


You had one spell level left.
You didn't know any spells.
Your spell library was empty.

Dungeon Overview and Level Annotations

Branches:
Dungeon (1/15)

Altars:


Innate Abilities, Weirdness & Mutations

You are resistant to damage.
You can heal yourself by infusing magical energy.
You passively map a small area around you.
You do not regenerate.


Message History

a +0 club; a goblin corpse A frilled lizard comes into view.
A frilled lizard is nearby!
A frilled lizard is nearby!
Found 24 arrows.
You are too injured to fight recklessly!
You are too injured to fight recklessly!
The helpless frilled lizard fails to defend itself.
You slash the frilled lizard!
You kill the frilled lizard!
You now have 48 gold pieces (gained 10).
You see here 24 arrows.
A kobold comes into view.
It is wielding a +2 whip of electrocution.
A kobold is nearby!
A kobold is nearby!
A kobold is nearby!
Found a stone staircase leading down.
The kobold shouts!
The kobold hits you with a +2 whip of electrocution.
You die...

######.#########..##..#### #..†..
.....#.# #..#..##..##...###.####
####.#.# #..#..##..##...........
.....#.# #..############.##.####
.......# #..........##......((..
.##########.########(##......####
.)..........# #.....##.....## ,
.##...####### ##.######(....# ,
.##...# #.@....##.....#* ..#...#
#.K....##.....# ..#...####
#...>..##.....# * ..####...#
##+######.....# ..####...#######
,.......#* , .........'.....#
###.....# , ..####...#####.# ,
,....... '## #...#####.# ########
, .#####.........# ,


You could see a kobold.

Vanquished Creatures
  2 leopard geckos (D:1)
  2 goblins (D:1)
  3 hobgoblins (D:1)
  4 frilled lizards (D:1)
  2 kobolds (D:1)
  2 rats (D:1)
15 creatures vanquished.

Notes
Turn   | Place    | Note
-------+----------+-------------------------------------------
     0 | D:1      | floatRand the Deep Dwarf Monk began the quest for the Orb.
     0 | D:1      | Reached XP level 1. HP: 20/20 MP: 1/1
   137 | D:1      | Reached XP level 2. HP: 9/27 MP: 2/2
   390 | D:1      | Slain by a kobold

Levels and vault maps discovered:
D:1:      lightli_iron_boxes, layout_basic, minmay_strange_pillars

Action                   || total
-------------------------++-------
Melee: Hand axe          ||    49
 Stab: Sleeping          ||     3
Armor: Robe              ||     5
Dodge: Dodged            ||    39

Table legend:
 A = Non-vault XP
 B = Vault XP
 C = Vault XP percentage of total XP
 D = Non-vault monster count
 E = Vault monster count
 F = Vault count percentage of total count
                 A         B        C        D         E       F
            +---------+---------+-------+---------+---------+-------
      Total |      24 |       0 |   0.0 |      15 |       0 |   0.0
            +---------+---------+-------+---------+---------+-------
        D:1 |      24 |       0 |   0.0 |      15 |       0 |   0.0
            +---------+---------+-------+---------+---------+-------
